 Dungeon Crawl Stone Soup version 0.20-a0-270-g8e735b6 (webtiles) character file.

112 stigmas the Grave Robber (level 4, -4/33 HPs)
             Began as a Demonspawn Necromancer on Dec 11, 2016.
             Slain by a hobgoblin
             ... wielding a +0 club
             ... led by Robin
              (8 damage)
             ... on level 2 of the Dungeon.
             The game lasted 00:05:19 (2763 turns).

stigmas the Grave Robber (Demonspawn Necromancer)   Turns: 2763, Time: 00:05:19

Health: -4/33      AC:  2    Str: 11 (14) XL:     4   Next: 64%
Magic:  3/8        EV: 12    Int: 13 (16) God:
Gold:   87         SH:  0    Dex: 12 (14) Spells: 2/9 levels left

rFire  . . .     SeeInvis .     (no weapon)
rCold  . . .     Gourm    .     a - +0 robe
rNeg   . . .     Faith    .     (no shield)
rPois  .         Spirit   .     (helmet restricted)
rElec  .         Reflect  .     (no cloak)
rCorr  .         Harm     .     (no gloves)
MR     .....                    (no boots)
Stlth  ++........               (no amulet)
                                (no ring)
                                (no ring)

@: mighty, very slightly contaminated
A: antennae 2
a: no special abilities


You were on level 2 of the Dungeon.
You were near starving.

You visited 1 branch of the dungeon, and saw 2 of its levels.

You collected 87 gold pieces.

Inventory:

Armour
 a - a +0 robe (worn)
Scrolls
 e - 3 scrolls of identify {unknown}
 f - 2 scrolls of remove curse {unknown}
 k - a scroll of recharging {unknown}
Potions
 l - a potion of degeneration
Books
 b - a book of Necromancy

   Spells                             Type                      Level
   a - Pain                           Necromancy                   1
   b - Animate Skeleton               Necromancy                   1
   c - Vampiric Draining              Necromancy                   3
   d - Regeneration                   Charms/Necromancy            3
   e - Animate Dead                   Necromancy                   4
   f - Control Undead                 Necromancy                   4
Comestibles
 c - 3 bread rations
 d - 2 meat rations
 j - a beef jerky


   Skills:
 * Level 1.7 Fighting
 + Level 2.1 Dodging
 - Level 1.7 Stealth
 * Level 0.5 Unarmed Combat
 * Level 3.0 Spellcasting
 * Level 5.3 Necromancy


You had 2 spell levels left.
You knew the following spells:

 Your Spells              Type           Power        Failure   Level  Hunger
a - Pain                  Necr           ###.         2%          1    #......
b - Regeneration          Chrm/Necr      #.........   28%         3    ###....
c - Vampiric Draining     Necr           ###.......   10%         3    ###....


Dungeon Overview and Level Annotations

Branches:
Dungeon (2/15)

Altars:

Annotations:
D:2 Robin


Innate Abilities, Weirdness & Mutations

You have a pair of antennae on your head.


Message History

It was a potion of degeneration.
There was something very wrong with that liquid.
You feel weakened.
You feel dopey.
You feel clumsy.
Natasha mumbles some strange words.
You feel troubled. Natasha barely misses you.
Unknown command.
You punch Natasha!
You kill Natasha!
Natasha growls in agony!
You feel your dexterity returning.
Your Spellcasting skill increases to level 3!
The goblin closely misses you.
You punch the goblin!
You kill the goblin!
The goblin hits you but does no damage.
You hit the hobgoblin.
The hobgoblin is almost dead.
The goblin hits you but does no damage. The hobgoblin hits you with a club!
You die...

.# #.#.# #......g#
.# .#.# #.......#
.# #....g..# .#
###'#g###
.######## #.#g#
>........ ..#.#
################g#
...............#g#
##############.#@#
#.######.#g#
#######.#......#.#
........#.######.#
........#.# #.#
<#).....#.# #.#
.#.#..#.#(# #.#
.#.##.#.#.# #.#
.#.#..#.#.# #.#


You could see Robin, 3 hobgoblins and 2 goblins.

Vanquished Creatures
  Natasha (twice) (D:2)
  3 adders (D:2)
  2 dart slugs (D:1)
  2 bats (D:1)
  2 giant cockroaches (D:2)
  6 goblins
  2 hobgoblins (D:2)
  A quokka (D:2)
  A ball python (D:1)
  9 frilled lizards
  4 kobolds
  3 rats
37 creatures vanquished.

Notes
Turn   | Place    | Note
-------+----------+-------------------------------------------
     0 | D:1      | stigmas the Demonspawn Necromancer began the quest for the Orb.
     0 | D:1      | Reached XP level 1. HP: 13/13 MP: 3/3
   652 | D:1      | Gained mutation: You have a pair of small antennae on your head. [demonic ancestry]
   652 | D:1      | Reached XP level 2. HP: 11/20 MP: 0/5
  1204 | D:1      | Reached skill level 1 in Fighting
  1309 | D:2      | Gained mutation: You have a pair of antennae on your head. [demonic ancestry]
  1309 | D:2      | Reached XP level 3. HP: 16/26 MP: 2/6
  1442 | D:2      | Noticed Natasha
  1456 | D:2      | Killed Natasha
  1456 | D:2      | Reached skill level 5 in Necromancy
  1578 | D:2      | Learned a level 3 spell: Regeneration
  1582 | D:2      | Learned a level 3 spell: Vampiric Draining
  2083 | D:2      | Reached XP level 4. HP: 30/32 MP: 5/8
  2746 | D:2      | Noticed Natasha
  2752 | D:2      | Noticed Robin
  2761 | D:2      | Killed Natasha
  2763 | D:2      | Slain by a hobgoblin

Vault maps used:
D:1:      eino_arrival_cavern_a, serial_forest, infiniplex_forest_straight_4,
          infiniplex_forest_straight_1, infiniplex_forest_corner_2,
          infiniplex_forest_lined_3, infiniplex_forest_end_double,
          infiniplex_forest_straight_2, infiniplex_forest_straight_2,
          infiniplex_forest_clump_cross, infiniplex_forest_straight_3
D:2:      first_bread, uniq_robin, uniq_natasha

Skill      XL: |  1  2  3  4 |
---------------+-------------+-----
Fighting       | 1 |  1.7
Necromancy     | 5 |  5.3
Dodging        | 2 |  2.1
Spellcasting   | 3 |  3.0
Stealth        | |  1.7
Unarmed Combat | |  0.5

Action                   |  1- 3 |  4- 6 || total
-------------------------+-------+-------++-------
Melee: Unarmed           |    89 |    56 ||   145
 Cast: Pain              |    33 |    10 ||    43
       Vampiric Draining |       |     1 ||     1
  Use: Potion            |       |     5 ||     5
  Eat: Chunk             |     4 |     1 ||     5
Armor: Robe              |    12 |     9 ||    21
Dodge: Dodged            |    55 |    44 ||    99
